Unix NetHack Version 5.0.0-0 post-release - last build Jun 10 2026 00:39:30 (3ee93aec679c4c4259841fe613dc97188e26a321,branch:main).

Game began 2026-06-17 00:50:15, ended 2026-06-17 13:46:27.

Drastanta, chaotic female elven Ranger

          ----
        --...|  -----                       -------- ----
    ----|....|  |...--            ----     --<.^--.---..---
   --.|.|.-------....--------------..|---  |...)..........---
   |......---........................--.-- --.|.............-
   |.............---..--------------.....-------).........|
   --............||....| ----  -------.....--  |..........----
   --..-.........---...---...- |...|.....|..---|.............--
   |..............|...........--........-|..).--.....*........---      |
   |....---.......|-....................|----...[.**..d..............=.|
   |-...| |...^.--|--.................---   ---......s..-->..........| |
   |....-------...| ---.--............|       --)..)d.*.--..--.......|
   |.....--------.---- ----..--.......--       |............| ---- ..|
   ---.....0.----....--   -----........-       --..---......-        .-
     |..----.....-....---- ---....--.....|      ---- -.|.....-        |
     ----  -----.........|--......|---...-           .---.......
              --......--.--..%....|   -....         --   .........
              -.......||..........|    --..|             -.|.....*.|
             |......------.......--      ---              ---.--..--
             -----.--    --.--.---                           -- ---
                 ---      ------
Drastanta the Lookout        St:14 Dx:12 Co:15 In:14 Wi:14 Ch:7  Chaotic
Dlvl:3  $:138 HP:0(30) Pw:30(30) AC:6  Xp:4 T:2124 

Latest messages:
 The 2nd elven arrow misses Jonny.
 In what direction? 4
 Sirius yelps!
 The elven arrow hits Sirius!
 In what direction? 7
 The werejackal plays a horn directed at you!
 The bolt of fire misses Sirius.
 The bolt of fire whizzes by you!
 The bolt of fire bounces!
 The bolt of fire whizzes by you!
 The bolt of fire misses Sirius.
 The bolt of fire misses the werejackal.
 The werejackal changes into a jackal.
 In what direction? 4
 The elven arrow hits the werejackal!
 In what direction? 4
 You shoot 3 elven arrows.
 The 1st elven arrow misses the werejackal.
 The 2nd elven arrow misses the werejackal.
 The 3rd elven arrow hits the werejackal!
 In what direction? <esc>
 In what direction? 4
 You shoot 2 elven arrows.
 The 1st elven arrow hits the werejackal!
 You kill the werejackal!
 You see the cave spider hide under a rock.
 The cave spider emerges from hiding.
 Sirius misses the cave spider.
 d - a +0 elven arrow (in quiver) (24 in total).
 Sirius misses the cave spider.
 Jonny bites!
 d - 2 +0 elven arrows (in quiver) (26 in total).
 The cave spider attacks a spot beside you.
 Sirius bites the cave spider.
 The cave spider misses Sirius.
 Jonny bites!
 Jonny bites!
 In what direction? 8
 You shoot 2 elven arrows.
 The 1st elven arrow hits Jonny!
 The 2nd elven arrow hits Jonny!
 The cave spider attacks a spot beside you.
 Sirius misses the cave spider.
 Jonny bites!
 You die...
 Do you want your possessions identified? [ynq] (y) y
 Do you want to see your attributes? [ynq] (y) n
 Do you want an account of creatures vanquished? [ynaq] (y) n
 Do you want to see your conduct and achievements? [ynq] (y) n
 Do you want to see the dungeon overview? [ynq] (y) n

Inventory:
 Coins    ('$')
  $ - 138 gold pieces
 Weapons  (')')
  c - 45 +2 elven arrows
  d - 24 +0 elven arrows (in quiver)
  b - a +1 elven bow (weapon in right hand)
  a - a +1 elven dagger (alternate weapon; not wielded)
  q - a +0 long sword
 Armor    ('[')
  j - an uncursed +0 pair of iron shoes
  e - a blessed burnt +4 elven cloak (being worn)
 Comestibles  ('%')
  s - an uncursed cream pie
  h - 2 uncursed food rations
  f - 4 uncursed lembas wafers
 Scrolls  ('?')
  i - an uncursed scroll of enchant armor
 Spellbooks  ('+')
  n - an uncursed spellbook of detect unseen
  g - an uncursed spellbook of dig
 Potions  ('!')
  o - a cursed potion of gain energy
 Tools    ('(')
  r - an empty uncursed sack
  k - an uncursed lock pick

Drastanta the Ranger's attributes:

Background:
 You were a Lookout, a level 4 female elven Ranger.
 You were chaotic, on a mission for Mars
 who was opposed by Mercury (lawful) and Venus (neutral).
 You were right-handed.
 You were in the Gnomish Mines, on level 3.
 You entered the dungeon 2124 turns ago.
 There was a new moon in effect when your adventure ended.
 You had 125 experience points, 35 more were needed to attain level 5.

Basics:
 You had 0 out of 30 hit points.
 You had all 30 energy points (spell power).
 Your armor class was 6.
 Your wallet contained 138 zorkmids.
 Autopickup was on for '$' plus thrown.

Final Characteristics:
 Your strength was 14 (limit:18).
 Your dexterity was 12 (limit:18).
 Your constitution was 15 (limit:16).
 Your intelligence was 14 (limit:20).
 Your wisdom was 14 (limit:20).
 Your charisma was 7 (limit:18).

Final Status:
 You weren't hungry.
 You were unencumbered.
 You were wielding a bow.
 You had basic skill with bow.

Final Attributes:
 You were piously aligned.
 You were sleep resistant.
 You had automatic searching.
 You had infravision.
 You were invisible.
 You were stealthy.
 You were warded.
 You are dead.

Miscellaneous:
 You encountered 1 bones level.
 Total elapsed playing time was 15 minutes and 21 seconds.

Major events:
 Turn
    1: Drastanta the chaotic female elven Ranger entered the dungeon
  894: attained the rank of Lookout (level 3)
 1901: entered the Gnomish Mines
 2124: killed by a little dog called Jonny

You didn't know any spells.

Skills:
 Fighting Skills
   bare handed combat [Unskilled]
   riding             [Unskilled]
 Weapon Skills
   dagger             [Basic]
   knife              [Unskilled]
   axe                [Unskilled]
   pick-axe           [Unskilled]
   short sword        [Unskilled]
   morning star       [Unskilled]
   flail              [Unskilled]
   hammer             [Unskilled]
   quarterstaff       [Unskilled]
   polearms           [Unskilled]
   spear              [Unskilled]
   trident            [Unskilled]
   bow                [Basic]
   sling              [Unskilled]
   crossbow           [Unskilled]
   dart               [Unskilled]
   shuriken           [Unskilled]
   boomerang          [Unskilled]
   whip               [Unskilled]
 Spellcasting Skills
   healing spells     [Unskilled]
   divination spells  [Unskilled]
   escape spells      [Unskilled]

Voluntary challenges:
 Character rerolling was not enabled.
 You never genocided any monsters.
 You never polymorphed an object.
 You never changed form.
 You used no wishes.
Achievements:
 You attained the rank of Lookout.
 You entered the Gnomish Mines.

 The Dungeons of Doom: levels 1 to 4
    Level 1:
    Level 2:
       An altar.
       Stairs down to The Gnomish Mines.
    Level 3:
       A sink.
    Level 4:
       A fountain.
 The Gnomish Mines:
    Level 3: <- You were here.
       A grave.
       Final resting place for
          you, killed by a little dog called Jonny,
          Stef75-Rog-Hum-Mal-Cha, killed by a bolt of fire played by a dwarf.


Vanquished creatures:
  a little dog
  a kitten
  a dwarf
  a giant bat
  a wererat
  a werejackal
  2 iguanas
 an acid blob
  a gnome
  a garter snake
  4 geckos
  4 jackals
  2 foxes
  a kobold
  a goblin
  2 grid bugs
  5 lichens
  2 kobold zombies
  8 newts
40 creatures vanquished.

No species were genocided or became extinct.

Game over:
                       ----------
                      /          \
                     /    REST    \
                    /      IN      \
                   /     PEACE      \
                  /                  \
                  |    Drastanta     |
                  |      138 Au      |
                  |   killed by a    |
                  |    little dog    |
                  |   called Jonny   |
                  |                  |
                  |       2026       |
                 *|     *  *  *      | *
        _________)/\\_//(\/(/\)/\//\/|_)_______

Goodbye Drastanta the Ranger...

You died in The Gnomish Mines on dungeon level 3 with 785 points,
and 138 pieces of gold, after 2124 moves.
You were level 4 with a maximum of 30 hit points when you died.

